Map: Acropolis LE

Players

Namshar - Winner!

  • Race: Zerg Zerg
  • League: Grandmaster
  • Spawn Location: 11:00

ShoWTimE

  • Race: Protoss Protoss
  • League: Grandmaster
  • Spawn Location: 5:00

Event: HomeStory Cup XIX

VOD

Have the link to the VOD?

Description

Time

  • Played on: June 28, 2019, 6:41 a.m.
  • Length: 9:51

All games in this series

Show
View Real Time Build Order
Export as new Build Order

Namshar Zerg - Winner!

Build Orders: 3 Hatch before Pool, Muta Ling Bane 

Get SALT Encoding   

  12  0:01  Drone  
  13  0:12  Overlord  
  13  0:17  Drone  
  14  0:32  Drone x2  
  16  0:50  Hatchery  
  16  0:53  Drone  
  16  0:57  Drone  
  16  1:01  Drone  
  18  1:24  Hatchery  
  17  1:27  Drone  
  17  1:28  Extractor  
  17  1:39  Spawning Pool  
  16  1:43  Drone  
  16  1:46  Drone  
  18  1:50  Drone  
  19  2:00  Drone  
  21  2:09  Drone  
  21  2:12  Drone  
  21  2:13  Overlord  
  23  2:25  Queen  
  23  2:27  Queen  
  23  2:28  Zergling x2  
  28  2:31  Metabolic Boost  
  28  2:33  Zergling x2  
  28  2:34  Drone  
  28  2:35  Drone  
  31  2:40  Zergling x2  
  32  2:48  Zergling x2  
  32  2:50  Zergling x2  
  31  3:06  Drone  
  31  3:07  Drone x2  
  34  3:14  Drone  
  34  3:19  Hatchery  
  32  3:23  Drone  
  32  3:24  Zergling x2  
  34  3:28  Zergling x2  
  34  3:33  Spore Crawler  
  33  3:39  Spore Crawler  
  33  3:42  Drone x3  
  33  3:46  Overlord  
  33  3:47  Overlord  
  36  3:53  Spore Crawler  
  36  3:54  Drone  
  36  3:55  Spore Crawler, Drone  
  36  4:04  Queen  
  36  4:05  Drone x2  
  36  4:06  Drone  
  41  4:10  Queen  
  41  4:12  Overlord  
  41  4:16  Zergling x2  
  44  4:19  Drone x3  
  44  4:21  Drone  
  44  4:24  Drone  
  48  4:31  Drone x4  
  52  4:35  Drone  
  53  4:39  Zergling x2  
  53  4:40  Spore Crawler  
  53  4:43  Zergling x2  
  53  4:49  Zergling x4  
  54  4:56  Evolution Chamber  
  54  4:57  Drone  
  54  4:59  Drone x2  
  56  5:01  Overlord  
  56  5:02  Lair, Drone x4  
  56  5:04  Extractor  
  56  5:06  Extractor  
  58  5:10  Overlord  
  58  5:11  Overlord  
  58  5:12  Drone  
  59  5:18  Drone x5  
  64  5:29  Baneling Nest  
  64  5:30  Drone x6  
  64  5:33  Extractor  
  64  5:34  Overlord  
  68  5:36  Zergling x4  
  68  5:40  Zergling x4  
  72  5:43  Queen  
  72  5:46  Zerg Melee Weapons Level 1  
  72  5:48  Drone  
  75  5:53  Zergling x2  
  75  5:54  Zergling x8  
  80  5:59  Queen  
  80  6:02  Overlord x2  
  82  6:04  Drone x2  
  82  6:09  Zergling x8  
  85  6:12  Zergling x2  
  85  6:13  Zergling x2  
  85  6:22  Drone x4  
  85  6:23  Extractor x2  
  87  6:27  Drone x3  
  84  6:35  Drone x7  
  91  6:42  Spire  
  91  6:43  Drone x2  
  92  6:47  Centrifical Hooks  
  92  6:48  Drone  
  93  6:59  Drone  
  93  7:00  Hydralisk Den  
  90  7:06  Zergling x18  
  90  7:13  Hatchery  
  88  7:21  Drone  
  89  7:28  Zergling x2  
  89  7:29  Zergling x14  
  97  7:35  Baneling x6  
  97  7:36  Baneling x2  
  95  7:37  Zergling x2  
  95  7:38  Zergling x2  
  93  7:45  Drone x3  
  93  7:50  Drone  
  97  7:56  Mutalisk x4  
  97  7:58  Overlord x2  
  105  7:59  Overlord x2  
  105  8:18  Mutalisk x7  
  119  8:22  Drone x2  
  119  8:25  Mutalisk  
  117  8:37  Grooved Spines  
  117  8:41  Drone x11  
  117  8:45  Baneling  
  117  8:46  Baneling x2  
  117  8:47  Baneling  
  128  8:58  Drone x2  
  128  8:59  Drone  
  131  9:08  Mutalisk  
  131  9:09  Mutalisk x2  
  132  9:17  Zergling x24  
  142  9:26  Baneling x9  
  142  9:28  Overlord x4  
  142  9:29  Overlord  
  138  9:49  Extractor x2  
Show
View Real Time Build Order
Export as new Build Order

ShoWTimE Protoss 

Build Orders: Oracle Opening 

Get SALT Encoding   

  12  0:00  Probe  
  13  0:12  Probe  
  14  0:17  Pylon  
  14  0:24  Probe  
  15  0:32  Probe  
  15  0:40  Gateway, Probe  
  16  0:46  Assimilator  
  17  0:51  Probe  
  18  1:03  Probe  
  19  1:15  Probe  
  20  1:18  Zealot  
  20  1:27  Probe  
  20  1:31  Cybernetics Core  
  20  1:32  Pylon  
  23  1:50  Probe  
  26  1:57  Adept  
  26  2:13  Nexus  
  26  2:17  Probe  
  26  2:22  Assimilator  
  27  2:29  Adept  
  29  2:33  Probe  
  30  2:39  Pylon  
  30  2:45  Probe  
  31  2:55  Stargate  
  31  2:58  Probe  
  32  3:10  Probe  
  33  3:22  Probe  
  33  3:23  Probe  
  33  3:30  Probe  
  32  3:34  Adept  
  32  3:35  Probe  
  32  3:38  Probe  
  35  3:43  Oracle  
  35  3:46  Probe  
  35  3:47  Probe  
  38  3:53  Gateway  
  39  3:56  Warp Gate  
  39  3:57  Probe  
  39  3:58  Gateway  
  39  3:59  Probe  
  41  4:09  Probe  
  42  4:11  Adept, Probe  
  42  4:14  Oracle  
  42  4:16  Pylon  
  45  4:20  Shield Battery  
  45  4:21  Probe  
  45  4:24  Probe  
  50  4:31  Assimilator  
  50  4:33  Probe, Assimilator  
  50  4:36  Probe  
  52  4:40  Adept  
  52  4:45  Adept, Probe  
  57  4:47  Pylon  
  57  4:48  Probe  
  57  4:49  Phoenix  
  57  4:51  Adept  
  62  5:01  Pylon  
  62  5:04  Oracle  
  62  5:05  Probe  
  63  5:10  Robotics Facility  
  66  5:24  Probe x2  
  67  5:34  Nexus  
  67  5:35  Pylon  
  67  5:36  Probe x2  
  69  5:45  Adept x3  
  69  5:48  Probe  
  69  5:49  Probe  
  77  5:51  Pylon  
  77  5:58  Forge  
  77  5:59  Twilight Council  
  77  6:00  Observer  
  77  6:01  Probe x2  
  80  6:13  Probe x2  
  82  6:19  Immortal  
  82  6:24  Shield Battery  
  87  6:25  Probe x2  
  87  6:26  Charge  
  85  6:37  Probe  
  85  6:38  Probe  
  87  6:40  Protoss Ground Weapons Level 1  
  87  6:45  Gateway, Sentry x2  
  87  6:46  Sentry  
  93  6:48  Gateway  
  93  6:49  Gateway, Probe  
  93  6:51  Probe x2  
  96  6:58  Pylon  
  96  7:01  Warp Prism  
  96  7:02  Probe  
  96  7:03  Probe x2  
  93  7:09  Sentry  
  93  7:10  Sentry x2  
  93  7:14  Probe  
  93  7:15  Probe  
  99  7:18  Gateway, Templar Archives  
  99  7:19  Probe  
  99  7:21  Gateway  
  100  7:23  Assimilator  
  100  7:25  Assimilator  
  100  7:34  Pylon  
  100  7:44  Psionic Storm  
  100  7:46  Zealot x2  
  100  7:47  Zealot x4  
  100  7:49  Immortal  
  116  7:55  Photon Cannon  
  116  8:05  Pylon  
  116  8:08  Nexus  
  116  8:12  High Templar  
  116  8:13  High Templar  
  116  8:18  Archon  
  118  8:20  Gateway  
  118  8:24  Gateway, Zealot x4  
  118  8:26  Immortal  
  124  8:35  High Templar x2  
  132  8:43  Nexus  
  132  8:45  Pylon  
  132  8:46  Pylon x2  
  132  8:49  Photon Cannon  
  132  8:53  Photon Cannon  
  132  8:56  Shield Battery  
  132  9:02  Pylon  
  132  9:03  Assimilator  
  132  9:09  Sentry, Zealot  
  136  9:11  Assimilator  
  136  9:12  High Templar x3  
  136  9:13  Probe  
  138  9:17  Stalker x2  
  128  9:25  Zealot  
  128  9:26  Zealot x2  
Tags
 
Add a new tag
Caveats
  • Supply blocks, unpowered buildings, or Contaminate may cause inaccurate times.
  • Supply counts are checked every 10 seconds.